 Dungeon Crawl Stone Soup version 0.29.1-1-gd02db6906a (webtiles) character file.

Game seed: 1663006871312060240

132 MisterFreud the Twirler (level 5, -3/38 HPs)
             Began as a Formicid Gladiator on Sept 28, 2022.
             Slain by a gnoll
             ... wielding a +0 club
              (5 damage)
             ... on level 3 of the Dungeon.
             The game lasted 00:02:00 (2168 turns).

MisterFreud the Twirler (Formicid Gladiator)        Turns: 2168, Time: 00:02:01

Health: -3/38      AC:  3    Str: 21    XL:     5   Next: 38%
Magic:  5/5        EV: 12    Int:  7    God:
Gold:   83         SH:  0    Dex: 15    Spells: 4/4 levels left

rFire   . . .      SeeInvis +   a - +0 quarterstaff
rCold   . . .      Faith    .   (no shield)
rNeg    . . .      Spirit   .   b - +0 leather armour
rPois   .          Reflect  .   (helmet unavailable)
rElec   .          Harm     .   (no cloak)
rCorr   .          Rampage  .   (no gloves)
Will    .....                   (no boots)
Stlth   +.........              (no amulet)
HPRegen 0.12/turn               (no ring)
MPRegen 0.09/turn               (no ring)

@: no status effects
A: permanent stasis, dig shafts and tunnels, antennae 3, four strong arms
a: Dig, Shaft Self


You were on level 3 of the Dungeon.
You visited 1 branch of the dungeon, and saw 3 of its levels.

You collected 83 gold pieces.

Inventory:

Hand Weapons
 a - a +0 quarterstaff (weapon)
Missiles
 c - 3 throwing nets (quivered)
 d - a javelin
 e - 2 datura-tipped darts
 f - 8 poisoned darts
 h - 2 boomerangs
Armour
 b - a +0 leather armour (worn)
Jewellery
 j - a ring of magical power
Scrolls
 k - a scroll of identify
 l - a scroll of fear
Potions
 g - 3 potions of curing
 i - a potion of flight


   Skills:
 - Level 2.1 Fighting
 + Level 5.7 Staves
 - Level 2.0 Throwing
 - Level 2.6 Dodging


You had 4 spell levels left.
You didn't know any spells.
Your spell library contained the following spells:

 Spells                   Type           Power      Damage    Failure   Level
 Beastly Appendage        Tmut           0%         N/A       47%         1
 Necrotise                Necr           0%         1d4       47%         1
 Wereblood                Tmut           0%         N/A       63%         2
 Spider Form              Tmut/Pois      0%         N/A       85%         3
 Dispel Undead            Necr           0%         3d6       99%         4
 Spellforged Servitor     Conj/Summ      0%         N/A       100%        7
 Borgnjor's Revivificati  Necr           0%         N/A       100%        8


Dungeon Overview and Level Annotations

Branches:
Dungeon (3/15)

Altars:

Shops:
D:2 !


Innate Abilities, Weirdness & Mutations

You cannot be hasted, slowed, berserked, paralysed or teleported.
You can dig through walls and to a lower floor.
You have a pair of large antennae on your head. (SInv)
Your four strong arms can wield two-handed weapons with a shield.


Message History

The orc hits you but does no damage.
Things that are here:
a +0 dagger; a +0 robe You completely miss the orc.
The orc barely misses you.
You are too injured to fight recklessly!
You hit the orc.
The orc is heavily wounded.
The orc hits you with a +0 club.
You are too injured to fight recklessly!
You closely miss the orc.
The orc is moderately wounded.
The orc misses you.
You closely miss the orc.
The orc is moderately wounded.
The orc barely misses you.
You closely miss the orc.
The orc is moderately wounded.
The orc hits you with a +0 club.
You are too injured to fight recklessly!
You hit the orc.
You kill the orc!
You are too injured to fight recklessly!
You closely miss the gnoll. The gnoll barely misses you.
You hit the gnoll.
The gnoll is moderately wounded.
You thump the gnoll!
The gnoll is heavily wounded.
The gnoll misses you. The gnoll barely misses you.
You hit the gnoll.
The gnoll is severely wounded.
The gnoll closely misses you. The gnoll misses you.
You hit the gnoll.
The gnoll is heavily wounded.
The gnoll hits you with a +0 club!
* * * LOW HITPOINT WARNING * * *
The gnoll barely misses you. The gnoll hits you with a +0 club.
* * * LOW HITPOINT WARNING * * *
The gnoll attacks as you move away! The gnoll hits you with a +0 club.
You die...

g..#### ...#.. #.... #
#...######
#.######.>....... ....
#......#
#.####.###......#
#....<@g)og.....#
....###.g###.....# .
+....# #.....#
##.#.####+#### #....>...#
####+#
#.#.#######{.....). #.#.#
#.......#
#######.#.#######.......#
#........................


You could see 3 gnolls and an orc.

Vanquished Creatures
  Terence (D:2)
  An orc wizard (D:3)
  2 gnolls
  An adder (D:2)
  2 worms
  3 dart slugs
  3 orcs (D:3)
  5 bats
  2 endoplasms
  3 giant cockroaches
  6 hobgoblins (D:1)
  A quokka (D:2)
  2 ball pythons
  3 frilled lizards
  3 kobolds
  2 rats (D:1)
40 creatures vanquished.

Notes
Turn   | Place    | Note
-------+----------+-------------------------------------------
     0 | D:1      | MisterFreud the Formicid Gladiator began the quest for the
                  | Orb.
     0 | D:1      | Reached XP level 1. HP: 16/16 MP: 1/1
   103 | D:1      | Got the Vellum of Productive Blasphemous Deeds
   192 | D:1      | Reached XP level 2. HP: 17/22 MP: 2/2
   343 | D:1      | Reached skill level 4 in Staves
   343 | D:1      | Reached XP level 3. HP: 21/27 MP: 3/3
  1092 | D:2      | Found Demija's Distillery.
  1144 | D:2      | Reached XP level 4. HP: 28/33 MP: 4/4
  1506 | D:2      | Noticed Terence
  1515 | D:2      | Killed Terence
  1516 | D:2      | Reached skill level 5 in Staves
  2145 | D:3      | Reached XP level 5. HP: 25/38 MP: 5/5
  2168 | D:3      | Slain by a gnoll

Illustrated notes

Levels and vault maps discovered:
D:1:      tarquinn_simple_flora_water_d, layout_loops_cross, minmay_unequal
D:2:      layout_basic, serial_shops, shop_fountains, uniq_terence
D:3:      layout_basic, general_overflow_altar,
          shapermc_ecumenical_altar_acropolis, serial_shops, shop

Skill      XL: |  1  2  3  4 |
---------------+-------------+-----
Staves         | 4 5 |  5.7
Fighting       | |  2.1
Throwing       | |  2.0
Dodging        | |  2.6

Action                   |  1- 3 |  4- 6 || total
-------------------------+-------+-------++-------
Melee: Quarterstaff      |    73 |    70 ||   143
       Punch             |       |     1 ||     1
  Use: Scroll            |       |     6 ||     6
Armor: Leather armour    |    24 |    21 ||    45
Dodge: Dodged            |    62 |    60 ||   122
